 Dungeon Crawl Stone Soup version 0.16.1-18-g436b03c (webtiles) character file.

231 DevastatorOne the Conjurer (level 5, 0/21 HPs)
             Began as a Felid Conjurer on May 7, 2015.
             Killed from afar by Blork the orc (7 damage)
             ... with a magic dart
             ... on level 4 of the Dungeon.
             The game lasted 00:24:26 (4782 turns).

DevastatorOne the Conjurer (Felid Conjurer)         Turns: 4782, Time: 00:24:27

Health: 0/21       AC:  2    Str:  4    XL:     5   Next: 73%
Magic:  1/12       EV: 20    Int: 19    God:
Gold:   175        SH:  0    Dex: 16    Spells: 3 memorised, 0 levels left
                                        Lives:  0   Deaths: 1

rFire  . . .     SeeInvis +     (weapon unavailable)
rCold  . . .     Clarity  .     (armour unavailable)
rNeg   . . .     SustAb   .     (shield unavailable)
rPois  .         Gourm    .     (helmet unavailable)
rElec  .         Spirit   .     (cloak unavailable)
rCorr  .         Warding  .     (gloves unavailable)
rMut   .         Stasis   .     (boots unavailable)
MR     .....                    (no amulet)
Stlth  +++.......               (no ring)
                                (no ring)

@: very slightly contaminated, quick, not resistant to hostile enchantments,
fairly stealthy
A: paw claws, no armour, no weapons or thrown items, fangs 3, see invisible,
carnivore 3, speed 1, shaggy fur 2, slow metabolism 1, sharp paws
a: no special abilities


You were on level 4 of the Dungeon.
You were not hungry.

You visited 1 branch of the dungeon, and saw 4 of its levels.

You collected 175 gold pieces.

Inventory:

Jewellery
 a - a +3 ring of dexterity {unknown}
Magical devices
 i - a wand of random effects (6)
 l - a wand of confusion (6)
Scrolls
 h - a scroll of remove curse
 n - a scroll of amnesia {unknown}
 o - a scroll of recharging {unknown}
Potions
 d - a potion of heal wounds
 e - 2 potions of brilliance
 g - 2 potions of curing {unknown}
 j - a potion of restore abilities {unknown}
 m - a potion of mutation {unknown}
 p - 2 potions of might
Books
 c - a book of Conjurations

   Spells                             Type                      Level
   a - Magic Dart                     Conjuration                  1
   b - Searing Ray                    Conjuration                  2
   c - Dazzling Spray                 Conjuration/Hexes            3
   d - Fulminant Prism                Conjuration/Hexes            4
   e - Iskenderun's Mystic Blast      Conjuration                  4
   f - Iskenderun's Battlesphere      Conjuration/Charms           5
Comestibles
 b - a meat ration
 k - a slice of pizza
 q - a chunk of flesh


   Skills:
 - Level 5.2 Dodging
 - Level 2.6 Stealth
 + Level 2.1 Spellcasting
 + Level 6.2 Conjurations


You couldn't memorise any spells.
You knew the following spells:

 Your Spells              Type           Power        Failure   Level  Hunger
a - Magic Dart            Conj           ####         1%          1    #......
b - Dazzling Spray        Conj/Hex       ##......     14%         3    ###....
c - Iskenderun's Mystic   Conj           ####....     14%         4    #####..


Dungeon Overview and Level Annotations

Branches:
Dungeon (4/15)
 Temple: D:4-7

Altars:

Annotations:
D:4 Blork the orc, Ijyb, Pikel


Innate Abilities, Weirdness & Mutations

You cannot wear armour.
You are incapable of wielding weapons or throwing items.
You have razor-sharp teeth.
You have supernaturally acute eyesight.
You are carnivorous and can eat meat at any time.
You cover ground quickly.
You are covered in thick fur (AC +2).
You have a slow metabolism.
Your paws have sharp claws that are effective at stabbing.


Message History

The worker ant bites you.
* * * LOW HITPOINT WARNING * * *
Read which item? (? for menu, Esc to quit)
As you read the scroll labeled CAPPO COATETSI, it crumbles to dust.
You feel blessed for a moment.
It was a scroll of remove curse.
The slave shouts!
The worker ant closely misses you.
Read which item? (? for menu, Esc to quit)
As you read the scroll labeled TICEOGR SHREBLO, it crumbles to dust.
You feel strangely unstable.
It was a scroll of teleportation.
The worker ant closely misses you. The worker ant barely misses you.
The worker ant misses you.
You catch the helpless worker ant completely off-guard!
You scratch the worker ant.
The worker ant is almost dead.
Your surroundings suddenly seem different.
Blork the orc shouts!
You hear a shout!
You hear a shout!
You hear a shout!
Blork the orc gestures at you while chanting.
The magic dart hits you!
You die...

#...o....?...†..p..a...p.aoo(....
......#.......###pK.########..(..
............$..##.o..#..# #.(...
.......##..#.#.###.#.#..####.....
................§..#.....##......
.!(...####..#?.##..##....#..#....
#....## #..#.o............###...
.#..### #.####.##..#..........##
....... ..# #.@........#.###..#
..#.... ##.# ###........#.......
..?.# #.# ###.............(..
...# #.####......#..#..).....
...# . #...)#..#######.....≈
.#..#########....<..## #.....≈
.##...##......###....## #....≈≈
.####.........##......# #...≈≈≈≈
......#........#..>...# .≈≈≈≈≈≈


You could see Blork the orc.

Vanquished Creatures
  A phantom (D:4)
  A hound (D:4)
  An orc wizard (D:4)
  Natasha (thrice) (D:4)
  A worker ant (D:4)
  Jessica (D:1)
  6 adders
  3 worms
  4 orcs
  A ball python (D:1)
  10 bats
  4 giant cockroaches
  7 goblins
  6 hobgoblins
  8 jackals
  8 kobolds
  3 giant geckos
  3 giant newts
  2 jackal skeletons (D:4)
  A quokka (D:2)
  8 rats
82 creatures vanquished.

Vanquished Creatures (others)
  A bat (D:4)
1 creature vanquished.

Grand Total: 83 creatures vanquished

Notes
Turn   | Place    | Note
--------------------------------------------------------------
     0 | D:1      | DevastatorOne, the Felid Conjurer, began the quest for the Orb.
     0 | D:1      | Reached XP level 1. HP: 7/7 MP: 4/4
   265 | D:1      | Reached XP level 2. HP: 6/11 MP: 0/5
   657 | D:1      | Reached skill level 4 in Conjurations
  1033 | D:1      | Reached XP level 3. HP: 10/14 MP: 0/8
  1302 | D:2      | Noticed Jessica
  1317 | D:1      | Killed Jessica
  1599 | D:2      | Reached XP level 4. HP: 18/18 MP: 7/10
  2111 | D:2      | Learned a level 3 spell: Dazzling Spray
  2346 | D:2      | Reached skill level 5 in Dodging
  2798 | D:3      | Reached XP level 5. HP: 21/21 MP: 10/12
  2819 | D:3      | Learned a level 4 spell: Iskenderun's Mystic Blast
  3229 | D:4      | Reached skill level 5 in Conjurations
  3315 | D:4      | Noticed Blork the orc
  3321 | D:4      | Noticed Natasha
  3330 | D:4      | Killed Natasha
  3363 | D:4      | Noticed Natasha
  3364 | D:4      | Killed Natasha
  3761 | D:4      | Noticed Natasha
  3761 | D:4      | Killed Natasha
  3908 | D:4      | Noticed Ijyb
  3908 | D:4      | Noticed Pikel
  3908 | D:4      | Noticed a slave
  3908 | D:4      | Noticed a slave
  3908 | D:4      | Noticed a slave
  3908 | D:4      | Noticed a slave
  4266 | D:4      | Gained mutation: You are covered in thick fur (AC +2). [growing up]
  4266 | D:4      | Reached XP level 6. HP: 24/24 MP: 5/14
  4456 | D:4      | Killed from afar by an orc priest
  4457 | D:4      | Reached XP level 5. HP: -6/21 MP: 1/12
  4478 | D:4      | Noticed a phantom
  4556 | D:4      | Killed a phantom
  4556 | D:4      | Reached skill level 6 in Conjurations
  4782 | D:4      | Killed from afar by Blork the orc

Action                   |  1- 3 |  4- 6 || total
-------------------------+-------+-------++-------
Melee: Unarmed           |    30 |    43 ||    73
 Cast: Magic Dart        |    67 |   140 ||   207
       Dazzling Spray    |       |    24 ||    24
       Iskenderun's Myst |       |     1 ||     1
  Use: Scroll            |       |     6 ||     6
 Stab: Invisible         |       |     2 ||     2
  Eat: Chunk             |    10 |     9 ||    19
